 Dungeon Crawl Stone Soup version 0.24.0-123-gd5b16e6ec5 (webtiles) character file.

Game seed: 11704168554913166140, levelgen mode: deterministic

1053 Jabberih the Cleaver (level 8, -1/58 HPs)
             Began as a Demonspawn Gladiator on Feb 3, 2020.
             Slain by a hippogriff (7 damage)
             ... on level 7 of the Dungeon.
             The game lasted 00:16:42 (5328 turns).

Jabberih the Cleaver (Demonspawn Gladiator)         Turns: 5328, Time: 00:16:42

Health: -1/58      AC: 13    Str: 22    XL:     8   Next: 5%
Magic:  8/8        EV:  7    Int:  9    God:
Gold:   187        SH:  0    Dex: 15    Spells: 7/7 levels left

rFire    . . .     SeeInvis .   a - +0 war axe
rCold    . . .     Gourm    .   (no shield)
rNeg     . . .     Faith    .   k - +0 plate armour
rPois    .         Spirit   .   c - +0 helmet
rElec    .         Reflect  .   (no cloak)
rCorr    .         Harm     .   (no gloves)
MR       .....                  (no boots)
Stlth    ..........             (no amulet)
HPRegen  1.19/turn              s - +5 ring of strength
MPRegen  0.11/turn              (no ring)

@: lightly drained
A: talons 1, slimy green scales 1, powered by death 1, powered by pain 2
a: no special abilities


You were on level 7 of the Dungeon.
You were hungry.

You visited 1 branch of the dungeon, and saw 7 of its levels.

You collected 187 gold pieces.

Inventory:

Hand Weapons
 a - a +0 war axe (weapon)
 e - a +2 dagger of venom
 g - a +1 hunting sling of velocity
Missiles
 b - 20 bolts
 d - 4 throwing nets (quivered)
 i - 230 stones
 t - 6 poisoned darts
Armour
 c - a +0 helmet (worn)
 k - a +0 plate armour (worn)
Jewellery
 s - a +5 ring of strength (left hand)
Wands
 v - a wand of flame (12)
Scrolls
 h - 2 scrolls of teleportation
 j - 4 scrolls of remove curse
 o - a scroll of identify
 x - a scroll of amnesia
 y - a scroll of enchant armour {unknown}
Potions
 l - 3 potions of curing
 m - 2 potions of mutation
 p - a potion of might {unknown}
 q - a potion of cancellation {unknown}
 r - a potion of flight {unknown}
 u - a potion of haste {unknown}
 w - a potion of agility {unknown}
 z - a potion of invisibility {unknown}
Comestibles
 f - 8 rations


   Skills:
 - Level 3.3(3.0) Fighting
 + Level 8.7(8.3) Axes
 - Level 1.7(1.4) Throwing
 - Level 2.6(2.3) Dodging


You had 7 spell levels left.
You didn't know any spells.
Your spell library was empty.

Dungeon Overview and Level Annotations

Branches:
Dungeon (7/15)
 Temple: D:4-7

Altars:
Ashenzari
Gozag
Kikubaaqudgha
Qazlal
Ru
Trog
Uskayaw
Wu Jian

Annotations:
D:4 Pikel


Innate Abilities, Weirdness & Mutations

You have sharp toenails.
You are partially covered in slimy green scales. (AC +2)
You regenerate a little health from kills.
You sometimes gain power by taking damage.


Message History

The orc is heavily wounded.
You closely miss the hound. You hit the sky beast.
The hound completely misses you. The sky beast closely misses you.
The hound bites you but does no damage.
Unknown command.
You hit the orc.
You kill the orc!
You slash the hound! You hit the sky beast.
The sky beast hits you but does no damage.
The hound bites you but does no damage. The sky beast hits you.
* * * LOW HITPOINT WARNING * * *
The sky beast shocks you.
* * * LOW HITPOINT WARNING * * *
The hound bites you but does no damage.
You slash the hound!
You kill the hound!
You closely miss the sky beast.
Your plate armour prevents you from hitting the hippogriff.
The hippogriff bites you!
You die...

### #.## ###..#
###....## #.......##
#........##
#.H...#...########
#@.g........#.##.#
#.Y...............
#..#......).......
...##......#..#...
.....#.........#...
........#.##........
.......#####........
.......# #........
...#.....


You could see a hippogriff, a sky beast and a gnoll.

Vanquished Creatures
  Grinder (D:3)
  A phantom (D:5)
  4 slaves (D:4)
  A centaur (D:5)
  2 hounds
  6 orc wizards
  An orc priest (D:3)
  A centaur skeleton (D:5)
  A bullfrog skeleton (D:4)
  Terence (D:1)
  3 worker ants
  A hound zombie (D:5)
  9 gnolls
  A howler monkey skeleton (D:5)
  5 adders
  3 shadow imps
  An ooze (D:3)
  An adder skeleton (D:4)
  2 worms
  A leopard gecko (D:2)
  11 orcs
  2 giant cockroaches
  5 goblins
  7 hobgoblins
  5 jackals (D:4)
  5 quokkas
  2 ball pythons
  11 bats
  6 kobolds
  A leopard gecko zombie (D:5)
  7 rats
108 creatures vanquished.

Notes
Turn   | Place    | Note
-------+----------+-------------------------------------------
     0 | D:1      | Jabberih the Demonspawn Gladiator began the quest for the
                  | Orb.
     0 | D:1      | Reached XP level 1. HP: 16/16 MP: 1/1
    36 | D:1      | Reached skill level 3 in Axes
   268 | D:1      | Gained mutation: You regenerate a little health from kills.
                  | [demonic ancestry]
   268 | D:1      | Reached XP level 2. HP: 21/22 MP: 2/2
   635 | D:2      | Found a sacrificial altar of Ru.
   643 | D:2      | Gained mutation: You have sharp toenails. [demonic
                  | ancestry]
   643 | D:2      | Reached XP level 3. HP: 22/29 MP: 3/3
  1334 | D:2      | Gained mutation: You sometimes gain a little power by
                  | taking damage. [demonic ancestry]
  1334 | D:2      | Reached XP level 4. HP: 35/35 MP: 4/4
  1489 | D:2      | Noticed Terence
  1573 | D:1      | Killed Terence
  1573 | D:1      | Reached skill level 4 in Axes
  1826 | D:2      | Found a hide-covered altar of Uskayaw.
  1828 | D:2      | Found an ancient bone altar of Kikubaaqudgha.
  1835 | D:2      | Found a shattered altar of Ashenzari.
  1840 | D:2      | Found an ornate altar of the Wu Jian Council.
  1963 | D:3      | Noticed Grinder
  1974 | D:3      | Reached XP level 5. HP: 21/41 MP: 5/5
  1979 | D:3      | Killed Grinder
  1979 | D:3      | Reached skill level 6 in Axes
  1979 | D:3      | Gained mutation: You sometimes gain power by taking damage.
                  | [demonic ancestry]
  1979 | D:3      | Reached XP level 6. HP: 20/47 MP: 6/6
  2746 | D:4      | Noticed a slave
  3037 | D:4      | Gained mutation: You are partially covered in slimy green
                  | scales. (AC +2) [demonic ancestry]
  3037 | D:4      | Reached XP level 7. HP: 29/52 MP: 7/7
  3133 | D:4      | Reached skill level 7 in Axes
  3414 | D:4      | Noticed Pikel
  4292 | D:4      | Found a stormy altar of Qazlal.
  4301 | D:4      | Noticed a moth of wrath
  4304 | D:4      | Found a bloodstained altar of Trog.
  4857 | D:5      | Entered Level 5 of the Dungeon
  4903 | D:5      | Found an opulent altar of Gozag.
  5081 | D:5      | Reached skill level 8 in Axes
  5207 | D:5      | Reached XP level 8. HP: 52/58 MP: 8/8
  5242 | D:5      | You fall into a shaft and drop 2 floors!
  5277 | D:7      | Noticed a hippogriff
  5328 | D:7      | Slain by a hippogriff

Levels and vault maps discovered:
D:1:      lightli_arrival_maybe_door_vault, layout_basic
D:2:      layout_basic, minitemple, first_ration, nicolae_ru_awakened_eye,
          uniq_terence
D:3:      layout_loops_cross, uniq_grinder
D:4:      layout_gridville, tgw_trog, lemuel_round_altar,
          kennysheep_generic_room_5, uniq_pikel
D:5:      layout_loops_ring, nicolae_overflow_crystal_walls, lemuel_round_altar,
          lemuel_blue_sif_altar
D:6:      cheibrodos_fzero, layout_rooms, minmay_temple_entry_slanted,
          uniq_menkaure
D:7:      layout_cave_pools, makhleb_grotto_becter, grunt_livestock

Skill      XL: |  1  2  3  4  5  6  7 |
---------------+----------------------+-----
Axes           | 3 4 6 8 |  8.7
Fighting       | 3 |  3.3
Throwing       | |  1.7
Dodging        | |  2.6

Action                   |  1- 3 |  4- 6 |  7- 9 || total
-------------------------+-------+-------+-------++-------
Melee: War axe           |    82 |    96 |   186 ||   364
       Kick              |     6 |    27 |    59 ||    92
Evoke: Wand              |       |       |    14 ||    14
  Use: Scroll            |       |     8 |     4 ||    12
       Potion            |       |     1 |     3 ||     4
  Eat: Chunk             |     1 |     5 |     4 ||    10
       Ration            |       |       |     1 ||     1
Armor: Leather armour    |    12 |       |       ||    12
       Chain mail        |    26 |       |       ||    26
       Plate armour      |    40 |    79 |   164 ||   283
Dodge: Dodged            |    34 |    35 |    62 ||   131
